 Dungeon Crawl Stone Soup version 0.19.1 (webtiles) character file.

93 CanadianGator the Cutter (level 4, -4/29 HPs)
             Began as a Kobold Monk on Dec 7, 2016.
             Killed by divine providence
             ... invoked by an orc priest
              (13 damage)
             ... on level 3 of the Dungeon.
             The game lasted 00:05:31 (2377 turns).

CanadianGator the Cutter (Kobold Monk)              Turns: 2377, Time: 00:05:32

Health: -4/29      AC:  5    Str:  6 (8)  XL:     4   Next: 92%
Magic:  13/13      EV: 15    Int: 10 (11) God:
Gold:   189        SH:  0    Dex: 17 (18) Spells: 0 memorised, 3 levels left

rFire  . . .     SeeInvis .     l - +3 short sword
rCold  . . .     Gourm    .     j - +0 ring mail
rNeg   . . .     Faith    .     (shield restricted)
rPois  .         Spirit   .     (no helmet)
rElec  .         Reflect  .     (no cloak)
rCorr  .         Harm     .     (no gloves)
MR     .....                    (no boots)
Stlth  +.........               (no amulet)
                                u - +2 ring of evasion
                                o - ring of magical power

@: confused, lethally poisoned (-4 -> -9)
A: carnivore 3
a: no special abilities


You were on level 3 of the Dungeon.
You were very full.

You visited 1 branch of the dungeon, and saw 4 of its levels.

You collected 189 gold pieces.

Inventory:

Hand Weapons
 l - a +3 short sword (weapon)
 m - a +1 dagger of speed
Armour
 b - a +0 robe
 i - a +0 scale mail
 j - a +0 ring mail (worn)
Jewellery
 o - a ring of magical power (left hand)
 u - a +2 ring of evasion (right hand)
Scrolls
 d - a scroll of enchant armour {unknown}
 e - 6 scrolls of identify {unknown}
 n - 2 scrolls of teleportation {unknown}
 p - 2 scrolls of blinking {unknown}
 q - a scroll of amnesia {unknown}
 s - a scroll of enchant weapon {unknown}
 v - a scroll of remove curse {unknown}
Potions
 a - a potion of heal wounds {unknown}
 g - a potion of brilliance {unknown}
 h - a potion of ambrosia
 k - a potion of degeneration
 t - a potion of curing {unknown}
Comestibles
 c - 4 meat rations
 f - 2 beef jerkies
 r - a slice of pizza


   Skills:
 + Level 3.7 Fighting
 * Level 4.9 Short Blades
 + Level 1.0 Armour
 * Level 4.4 Dodging
 * Level 3.8 Stealth


You had 3 spell levels left.
You didn't know any spells.

Dungeon Overview and Level Annotations

Branches:
Dungeon (4/15)
 Temple: D:4-7

Altars:
Gozag
Okawaru
Sif Muna

Annotations:
D:3 ElderStonelord's ghost, amateur MiBe


Innate Abilities, Weirdness & Mutations

You are small and have problems with some larger weapons.
You are carnivorous and can eat meat at any time.


Message History

The orc closely misses you.
You're too confused to move!
You feel sick.
You miss the orc.
The orc is almost dead.
You feel less invigorated.
You feel less confused. The orc closely misses you.
You hit the orc but do no damage.
The orc is almost dead.
The orc hits you with a flail.
It was a potion of degeneration.
There was something very wrong with that liquid.
You feel weakened.
You feel dopey.
You feel clumsy.
You feel sick. The orc hits you with a flail!
* * * LOW HITPOINT WARNING * * *
You are confused.
You feel invigorated.
The orc priest calls down the wrath of Beogh upon you.
Beogh smites you!
You die...

#.##.#.#
#.#
#.##.#.#
###.#
#.##.#.##
#...#
#.#.....##
#.###
#.....#..#
#.#
###......#
#.#
.........#
#.#
#.####.....
#.# #.#
##.## #@#
#.# .# #o#
#.## #
#.ooo.o.#
...#
#.##W###o#
#..# .o #o#
...... ...
#.# ...####
>. ... ##.#
# #.# . ...
..#


You could see 2 orc priests, ElderStonelord's ghost and 3 orcs.

Vanquished Creatures
  3 adders
  2 worms (D:3)
  4 dart slugs
  A leopard gecko (D:1)
  2 orcs (D:3)
  2 ball pythons
  2 giant cockroaches (D:1)
  6 goblins
  11 hobgoblins
  5 bats
  5 frilled lizards
  3 kobolds (D:1)
  5 rats
51 creatures vanquished.

Notes
Turn   | Place    | Note
-------+----------+-------------------------------------------
     0 | D:1      | CanadianGator the Kobold Monk began the quest for the Orb.
     0 | D:1      | Reached XP level 1. HP: 14/14 MP: 1/1
   220 | D:1      | Reached XP level 2. HP: 15/19 MP: 2/2
   592 | D:1      | Reached XP level 3. HP: 23/23 MP: 3/3
  1174 | D:2      | Found an iron altar of Okawaru.
  1288 | D:2      | Reached XP level 4. HP: 25/28 MP: 4/4
  1890 | D:2      | Found a deep blue altar of Sif Muna.
  1931 | D:3      | Found an opulent altar of Gozag.
  2026 | D:3      | Reached skill level 1 in Armour
  2364 | D:3      | Noticed ElderStonelord's ghost (amateur MiBe)
  2377 | D:3      | Killed from afar by an orc priest

Skill      XL: |  1  2  3  4 |
---------------+-------------+-----
Stealth        | 3 |  3.8
Dodging        | 4 |  4.4
Armour         | 1 |  1.0
Fighting       | |  3.7
Short Blades   | |  4.9

Action                   |  1- 3 |  4- 6 || total
-------------------------+-------+-------++-------
Melee: Short sword       |   123 |    58 ||   181
  Use: Potion            |       |     3 ||     3
 Stab: Sleeping          |     3 |     8 ||    11
  Eat: Chunk             |     4 |     7 ||    11
Armor: Robe              |     2 |       ||     2
       Ring mail         |     8 |     8 ||    16
Dodge: Dodged            |    65 |    26 ||    91
